 Dungeon Crawl Stone Soup version 0.26-a0-597-gb535b0901c (webtiles) character file.

Game seed: 9728772433799548995

38273 HoaS the Cruncher (level 14, -1/114 HPs)
             Began as a Formicid Fighter on Aug 31, 2020.
             Was a High Priest of Makhleb.
             Slain by a hippogriff (8 damage)
             ... on level 6 of the Lair of Beasts.
             The game lasted 00:37:13 (17599 turns).

HoaS the Cruncher (Formicid Fighter)               Turns: 17599, Time: 00:37:13

Health: -1/114     AC: 25    Str: 24    XL:     14   Next: 33%
Magic:  14/14      EV: 15    Int: 10    God:    Makhleb [*****.]
Gold:   1150       SH: 13    Dex: 18    Spells: 13/13 levels left

rFire    . . .     SeeInvis +   a - +2 quarterstaff
rCold    . . .     Faith    .   c - +1 kite shield
rNeg     . . .     Spirit   .   A - +4 chain mail "Hykkusa" {Dex+5}
rPois    .         Reflect  .   (helmet unavailable)
rElec    .         Harm     .   d - +1 cloak
rCorr    .                      o - +2 pair of gloves {Dex+3}
MR       +....                  e - +2 pair of boots
Stlth    ..........             (no amulet)
HPRegen  0.29/turn              (no ring)
MPRegen  0.14/turn              (no ring)

@: mighty, mesmerised, very slow
A: permanent stasis, dig shafts and tunnels, four strong arms, antennae 3
a: Dig, Shaft Self, Minor Destruction, Lesser Servant of Makhleb, Major
Destruction, Greater Servant of Makhleb, Renounce Religion


You were on level 6 of the Lair of Beasts.
You worshipped Makhleb.
Makhleb was extremely pleased with you.
You visited 3 branches of the dungeon, and saw 17 of its levels.
You also visited: Sewer.

You collected 1150 gold pieces.

Inventory:

Hand Weapons
 a - a +2 quarterstaff (weapon)
Missiles
 b - 51 bolts
Armour
 c - a +1 kite shield (worn)
 d - a +1 cloak (worn)
 e - a +2 pair of boots (worn)
 o - a +2 pair of gloves of dexterity (worn)
 A - the +4 chain mail "Hykkusa" (worn) {Dex+5}
   (You found it on level 3 of the Lair of Beasts)

   It affects your dexterity (+5).
Wands
 l - a wand of disintegration (30)
 m - a wand of random effects (22)
 t - a wand of polymorph (3)
 u - a wand of paralysis (8)
 v - a wand of flame (6)
 w - a wand of iceblast (15)
 x - a wand of enslavement (14)
Scrolls
 f - a scroll of identify
 i - 8 scrolls of magic mapping
 j - 8 scrolls of remove curse
 r - 5 scrolls of fear
 y - a scroll of fog
Potions
 g - 2 potions of might
 h - a potion of invisibility
 k - 7 potions of curing
 n - 5 potions of flight
 p - a potion of lignification
 q - 4 potions of heal wounds
 s - 2 potions of resistance
 z - a potion of ambrosia {unknown}


   Skills:
 + Level 11.7 Fighting
 - Level 14.0 Staves
 + Level 11.7 Armour
 + Level 9.6 Dodging
 - Level 9.0 Shields


You had 13 spell levels left.
You didn't know any spells.
Your spell library contained the following spells:

 Spells                   Type           Power        Failure   Level
 Animate Skeleton         Necr           #.....       88%         1
 Apportation              Tloc           #.....       88%         1
 Corona                   Hex            #......      88%         1
 Freeze                   Ice            #...         88%         1
 Magic Dart               Conj           #...         88%         1
 Pain                     Necr           #...         88%         1
 Summon Small Mammal      Summ           #...         88%         1
 Call Imp                 Summ           #.......     95%         2
 Ensorcelled Hibernation  Hex/Ice        #.....       95%         2
 Searing Ray              Conj           #.....       95%         2
 Slow                     Hex            #.......     95%         2
 Confusing Touch          Hex            #.......     99%         3
 Conjure Flame            Conj/Fire      #.......     99%         3
 Dazzling Flash           Conj/Hex       #.....       99%         3
 Gell's Gravitas          Tloc           #.........   99%         3
 Mephitic Cloud           Conj/Pois/Air  #.......     99%         3
 Portal Projectile        Hex/Tloc       #.....       99%         3
 Vampiric Draining        Necr           #.........   99%         3
 Animate Dead             Necr           #.........   100%        4
 Fulminant Prism          Conj/Hex       #.........   100%        4
 Iskenderun's Mystic Bla  Conj/Tloc      #.......     100%        4
 Petrify                  Tmut/Erth      #.......     100%        4
 Agony                    Necr           #.......     100%        5
 Metabolic Englaciation   Hex/Ice        #.........   100%        5
 Yara's Violent Unravell  Hex/Tmut       #.........   100%        5
 Dispersal                Tloc           #.........   100%        6
 Blink                    Tloc           Unusable     N/A         2

Dungeon Overview and Level Annotations

Branches:
Dungeon (10/15)            Temple (1/1) D:7            Lair (6/6) D:8
 Shoals (0/4) Lair:2       Spider (0/4) Lair:2        Slime (0/5) Lair:5
  Sewer (visited)
    Orc: D:9-12

Altars:
Ashenzari
Cheibriados
Dithmenos
Elyvilon
Fedhas
Gozag
Hepliaklqana
Kikubaaqudgha
Makhleb
Nemelex Xobeh
Okawaru
Qazlal
Ru
Sif Muna
Trog
Uskayaw
Vehumet
Wu Jian
Xom
Yredelemnul
Zin
The Shining One
Jiyva

Shops:
D:6 :

Annotations:
Lair:5 2 transporters, Lunath's ghost, journeyman FeBe


Innate Abilities, Weirdness & Mutations

You cannot be hasted, slowed, berserked, paralysed or teleported.
You can dig through walls and to a lower floor.
Your four strong arms can wield two-handed weapons with a shield.
You have a pair of large antennae on your head. (SInv)


Message History

The polar bear is heavily wounded.
The wind drake flaps its wings at you. The air twists around and strikes you.
The merfolk avatar chants its luring song.
You block the polar bear's attack. x2; The polar bear misses you.
The hippogriff bites you. The hippogriff misses you. The hippogriff claws you.
You sock the polar bear!
The polar bear is severely wounded.
The komodo dragon bites you!!
* * * LOW HITPOINT WARNING * * *
The wind drake flaps its wings at you. The air twists around and strikes you!
* * * LOW HITPOINT WARNING * * *
You barely miss the polar bear.
The polar bear is severely wounded.
The merfolk avatar chants its luring song.
You block the polar bear's attack. x2
The polar bear claws you but does no damage.
The hippogriff bites you!
You die...

.....≈≈≈≈##≈≈≈#≈≈#≈≈≈##≈≈≈≈......
....≈##P≈#≈P≈≈≈≈≈≈≈≈≈≈#≈≈##≈.....
....≈.#≈≈#≈≈≈≈≈P≈≈P≈≈≈#≈≈##......
.....≈≈≈≈#8≈≈≈≈#≈≈≈≈≈8#≈≈≈≈.≈P...
##..≈≈≈≈≈#####...######≈P≈≈≈#....
#.#..##≈≈#8≈≈≈≈P≈≈≈≈≈≈#≈≈.#≈.#...
#.P..##≈≈#≈≈≈≈#≈#≈≈≈≈≈#≈≈##.#....
....≈≈≈≈≈#≈≈≈≈≈l≈≈≈≈P≈#≈≈≈≈≈†....
.....≈≈≈≈.≈#≈≈Yh@?≈≈≈≈#≈≈≈≈.†....
....≈.#≈≈.≈≈#≈}kH=≈≈≈≈#≈P##≈.....
..#.≈##≈#.≈≈≈≈?≈≈[≈≈≈≈#≈P##...#..
###.≈≈≈P≈.≈#≈≈:m$?≈≈≈≈#≈≈≈≈.P.#.#
.#P..≈≈≈≈#≈≈≈≈≈≈≈≈P≈≈≈#≈≈≈≈..P...
.....##≈≈#≈≈≈≈≈≈≈≈≈≈≈≈#≈≈##......
.....#.≈≈#8≈≈≈≈≈≈≈≈≈≈8#≈≈.#......
.....≈≈≈≈#####≈≈≈≈#####≈≈≈≈......
...P≈≈≈≈≈#8≈≈≈≈≈≈≈≈≈≈8#≈≈≈≈†.#.#.


You could see a merfolk avatar (mesmerising), an elephant, a wind drake (repels
missiles), a polar bear, a komodo dragon and a hippogriff.

Vanquished Creatures
  4 hydras
  A catoblepas (Lair:3)
  A two-headed ogre (D:9)
  3 death yaks (Lair:5)
  A sea snake (Lair:6)
  An unseen horror (D:5)
  A harpy (Lair:6)
  12 elephants
  A merfolk siren (Lair:2)
  Psyche (D:8)
  4 black mambas
  Joseph (D:7)
  4 torpor snails
  14 cane toads
  5 komodo dragons
  2 rime drakes
  3 merfolk (Lair:2)
  A troll (D:9)
  2 hornets (D:9)
  3 blink frogs (Lair:5)
  Grinder (D:4)
  2 dream sheep (Lair:2)
  4 hippogriffs
  Sigmund (D:2)
  A spriggan (Lair:2)
  4 wyverns (Lair:6)
  41 yaks
  A steam dragon (Lair:4)
  8 water moccasins
  6 porcupines
  2 ice beasts
  4 sky beasts
  2 black bears
  2 phantoms
  2 wolves (Lair:1)
  5 ogres
  4 centaurs
  20 crocodiles
  2 big kobolds
  Blork the orc (D:6)
  15 bullfrogs
  A gnoll sergeant (D:5)
  11 scorpions
  5 howler monkeys
  A centaur zombie (D:5)
  4 jellies
  4 hounds
  2 bullfrog skeletons (D:5)
  4 orc priests
  Crazy Yiuf (D:2)
  6 orc wizards
  A gnoll shaman (D:9)
  7 worker ants
  7 iguanas
  15 gnolls
  12 adders
  2 shadow imps (D:5)
  A white imp (D:6)
  An ufetubus (D:10)
  3 worms
  3 dart slugs
  8 leopard geckos
  20 orcs
  9 giant cockroaches
  4 hobgoblins
  14 jackals
  15 kobolds
  2 quokkas
  4 ball pythons
  14 bats
  4 frilled lizards
  A giant cockroach zombie (D:5)
  8 goblins
  5 rats
392 creatures vanquished.

Vanquished Creatures (others)
  63 fungi
  123 plants
186 creatures vanquished.

Grand Total: 578 creatures vanquished

Notes
Turn   | Place    | Note
-------+----------+-------------------------------------------
     0 | D:1      | HoaS the Formicid Fighter began the quest for the Orb.
     0 | D:1      | Reached XP level 1. HP: 18/18 MP: 1/1
   109 | D:1      | Reached XP level 2. HP: 19/24 MP: 2/2
   433 | D:1      | Reached XP level 3. HP: 25/29 MP: 3/3
   538 | D:1      | Reached skill level 3 in Staves
  1633 | D:2      | Reached XP level 4. HP: 30/35 MP: 4/4
  1788 | D:2      | Noticed Sigmund
  1799 | D:2      | Killed Sigmund
  1799 | D:2      | Reached skill level 5 in Staves
  1799 | D:2      | Reached skill level 5 in Shields
  1799 | D:2      | Reached XP level 5. HP: 23/41 MP: 5/5
  1799 | D:2      | Reached XP level 6. HP: 26/47 MP: 6/6
  2030 | D:2      | Found a runed translucent door.
  2031 | D:2      | Noticed Crazy Yiuf
  2039 | D:2      | Killed Crazy Yiuf
  2269 | D:3      | Noticed a sky beast
  2297 | D:3      | Killed a sky beast
  2297 | D:3      | Reached XP level 7. HP: 44/52 MP: 7/7
  2308 | D:3      | Found a glowing drain.
  2349 | Sewer    | Entered a sewer
  2549 | Sewer    | Reached skill level 6 in Staves
  2699 | D:3      | Found a faded altar of an unknown god.
  3261 | D:4      | Noticed Grinder
  3284 | D:4      | Killed Grinder
  3513 | D:3      | Reached skill level 7 in Staves
  3513 | D:3      | Reached XP level 8. HP: 58/58 MP: 8/8
  3568 | D:4      | Found a large runed translucent door.
  3568 | D:4      | Found a large runed translucent door.
  3572 | D:4      | Found a large runed translucent door.
  3572 | D:4      | Found a large runed translucent door.
  4270 | D:4      | Identified the Disquisition on the Freezing Voyage
  4301 | D:5      | Entered Level 5 of the Dungeon
  4312 | D:5      | Reached skill level 8 in Staves
  4533 | D:5      | Noticed an unseen horror
  4544 | D:5      | Killed an unseen horror
  4544 | D:5      | Reached skill level 9 in Staves
  4544 | D:5      | Reached XP level 9. HP: 53/64 MP: 9/9
  4845 | D:5      | Found a glowing golden altar of the Shining One.
  4961 | D:6      | Noticed Blork the orc
  4973 | D:6      | Killed Blork the orc
  5066 | D:6      | Reached skill level 10 in Staves
  5638 | D:6      | Found Ohuitorr's Book Shop.
  5686 | D:7      | Found a shattered altar of Ashenzari.
  5719 | D:7      | Noticed Joseph
  5742 | D:7      | Killed Joseph
  5742 | D:7      | Reached skill level 11 in Staves
  5742 | D:7      | Reached XP level 10. HP: 70/70 MP: 10/10
  5798 | D:7      | Found a staircase to the Ecumenical Temple.
  5817 | Temple   | Entered the Ecumenical Temple
  6098 | Temple   | Became a worshipper of Makhleb the Destroyer
  6818 | D:8      | Reached skill level 12 in Staves
  6903 | D:8      | Noticed Psyche
  6907 | D:8      | Killed Psyche
  7064 | D:8      | Reached * piety under Makhleb
  7315 | D:8      | Found a staircase to the Lair.
  7441 | D:8      | Reached skill level 13 in Staves
  8103 | D:9      | Reached XP level 11. HP: 75/75 MP: 11/11
  8115 | D:9      | Reached ** piety under Makhleb
  8190 | D:9      | Reached skill level 14 in Staves
  8520 | D:9      | Reached skill level 1 in Dodging
  8990 | D:9      | Noticed a two-headed ogre
  9001 | D:9      | Killed a two-headed ogre
  9001 | D:9      | Reached skill level 5 in Fighting
  9001 | D:9      | Reached skill level 5 in Armour
  9105 | D:10     | Entered Level 10 of the Dungeon
  9937 | D:10     | Reached *** piety under Makhleb
 10177 | D:10     | Found an opulent altar of Gozag.
 10384 | Lair:1   | Entered Level 1 of the Lair of Beasts
 10452 | Lair:1   | Reached XP level 12. HP: 76/89 MP: 12/12
 11017 | Lair:1   | Reached skill level 5 in Dodging
 11538 | Lair:2   | Found a staircase to the Shoals.
 11601 | Lair:2   | Found a hole to the Spider Nest.
 11601 | Lair:2   | Noticed a four-headed hydra
 11630 | Lair:2   | Killed a four-headed hydra
 12269 | Lair:2   | Reached **** piety under Makhleb
 13064 | Lair:2   | Noticed a six-headed hydra
 13077 | Lair:2   | Killed a six-headed hydra
 13087 | Lair:2   | Reached XP level 13. HP: 101/101 MP: 13/13
 13472 | Lair:3   | Noticed a catoblepas
 13502 | Lair:3   | Killed a catoblepas
 14437 | Lair:4   | Reached skill level 10 in Fighting
 14437 | Lair:4   | Reached skill level 10 in Armour
 14644 | Lair:4   | Noticed a six-headed hydra
 14659 | Lair:4   | Killed a six-headed hydra
 15510 | Lair:5   | Reached ***** piety under Makhleb
 15557 | Lair:5   | Found a viscous altar of Jiyva.
 15557 | Lair:5   | Found a staircase to the Slime Pits.
 15692 | Lair:5   | Found a transporter.
 15719 | Lair:5   | Noticed Lunath's ghost (journeyman FeBe)
 15724 | Lair:5   | Found a transporter.
 15724 | Lair:5   | Noticed a six-headed hydra
 15983 | Lair:5   | You fall into a shaft and drop 1 floor!
 15983 | Lair:6   | Entered Level 6 of the Lair of Beasts
 16193 | Lair:5   | Noticed a seven-headed hydra
 16203 | Lair:5   | Killed a seven-headed hydra
 16469 | Lair:3   | Got a turquoise-encrusted chain mail
 16470 | Lair:3   | Identified the +4 chain mail "Hykkusa" {Dex+5} (You found
                  | it on level 3 of the Lair of Beasts)
 16887 | Lair:6   | Reached XP level 14. HP: 106/113 MP: 14/14
 17364 | Lair:6   | Found a snail-covered altar of Cheibriados.
 17599 | Lair:6   | Slain by a hippogriff

Illustrated notes

Levels and vault maps discovered:
D:1:      dpeg_arrival_arbitrary_a, layout_basic, serial_bayou_lagoon_a,
          corexii_leaking_fountain
D:2:      layout_loops_corners, uniq_sigmund, uniq_crazy_yiuf_cottage
D:3:      layout_basic, chequers_ecumenical_altar_island, gup_sewer_entry_pipe
D:4:      layout_loops_cross, minmay_hollow_rounded_squares, uniq_grinder
D:5:      layout_cave_pools, old_standard_altar, lightli_minifort
D:6:      minmay_diamond_boxcup, layout_cave_pools, serial_shops,
          nicolae_shop_temple_entry_statues_fountains, uniq_blork_the_orc
D:7:      layout_gridville, minmay_temple_entry_arrows, ashenzari_altar_1,
          uniq_joseph
D:8:      layout_loops_cross, due_lair_maze_entry_diamond, uniq_psyche
D:9:      layout_layer_cave
D:10:     layout_layer_cave, basic_altar
Temple:   regret_index_temple_sigil_plot
Lair:1:   layout_gridlike, beast_lair_carwin_5, grunt_megastairs_1
Lair:2:   layout_cave_pods, elwin_shoals_entry_stream,
          nicolae_spider_entry_non_spiders, wad_woods_03, serial_bayou_shore_b
Lair:3:   layout_long_grid, st_stairs_11, grunt_megastairs_5
Lair:4:   layout_cave_pods
Lair:5:   layout_regular_city, slime_altar_1, gammafunk_ghost_arena,
          chequers_serial_rivers_micro_d, beast_lair_carwin_9,
          infiniplex_staircase_pool
Lair:6:   gammafunk_lair_ancient_temple, layout_long_grid,
          chequers_serial_rivers_small_b, nicolae_quartered_pool_medium,
          kennysheep_snail_temple

Skill      XL: |  1  2  3  4  5  6  7  8  9 10 11 12 13 14 |
---------------+-------------------------------------------+-----
Shields        | 4 5 6 8 9 |  9.0
Staves         | 3 5 7 9 11 13 14 | 14.0
Dodging        | 4 6 8 9 |  9.6
Fighting       | 6 9 11 | 11.7
Armour         | 6 9 11 | 11.7

Action                   |  1- 3 |  4- 6 |  7- 9 | 10-12 | 13-15 || total
-------------------------+-------+-------+-------+-------+-------++-------
Melee: Quarterstaff      |    94 |    74 |   404 |   939 |   742 ||  2253
 Abil: Dig               |     2 |     2 |     9 |    14 |     9 ||    36
Evoke: Wand              |       |       |     4 |     9 |     1 ||    14
  Use: Scroll            |     8 |     3 |     9 |    12 |     4 ||    36
       Potion            |       |     1 |       |       |     1 ||     2
 Stab: Paralysed         |       |       |     7 |       |       ||     7
Armor: Scale mail        |     8 |       |       |       |       ||     8
       Chain mail        |    31 |    34 |    57 |       |    95 ||   217
       Ring mail         |       |       |    15 |       |       ||    15
       Plate armour      |       |       |    76 |   235 |    94 ||   405
Dodge: Dodged            |    19 |    14 |    57 |   131 |   197 ||   418
Block: Kite shield       |    40 |    39 |   201 |   321 |   283 ||   884

Table legend: (Time is in decaauts)
 A = Elapsed time spent in this place.
 B = Non-inter-level travel time spent in this place.
 C = Inter-level travel time spent in this place.
 D = Time resting spent in this place.
 E = Time spent auto-exploring this place.
 F = Levels seen in this place.
 G = Mean time per level.
                   A        B        C        D        E       F      G
               +--------+--------+--------+--------+--------+-----+--------+
         Total |  17056 |  16340 |    716 |    698 |  12268 |  18 |  947.6 |
       Dungeon |   9585 |   9186 |    399 |    331 |   6976 |  10 |  958.5 |
        Temple |    300 |    256 |     44 |      0 |    254 |   1 |  300.0 |
          Lair |   6755 |   6483 |    272 |    367 |   4771 |   6 | 1125.8 |
         Sewer |    414 |    414 |      0 |      0 |    267 |   1 |  414.0 |
               +--------+--------+--------+--------+--------+-----+--------+

Top non-repeatable levels by time:
  Lair:2: 1618 daAuts
     D:2: 1241 daAuts
     D:9: 1209 daAuts
    D:10: 1191 daAuts
  Lair:3: 1177 daAuts
     D:8: 1096 daAuts
  Lair:5: 1036 daAuts
  Lair:1: 1011 daAuts
     D:4: 1009 daAuts
     D:1: 981 daAuts
  Lair:6: 976 daAuts
  Lair:4: 935 daAuts
     D:3: 795 daAuts
     D:6: 746 daAuts
     D:7: 703 daAuts
